 Dungeon Crawl Stone Soup version 0.21.0-24-g2553a33 (webtiles) character file.

25 mopl the Ducker (level 2, 0/14 HPs)
             Began as a Felid Abyssal Knight on Jan 21, 2018.
             Was a Follower of Lugonu.
             Killed from afar by a dart slug (2 damage)
             ... with a slug dart
             ... on level 1 of the Dungeon.
             The game lasted 00:01:26 (1069 turns).

mopl the Ducker (Felid Abyssal Knight)              Turns: 1069, Time: 00:01:28

Health: 0/14       AC:  1    Str:  8    XL:     2   Next: 86%
Magic:  4/4        EV: 18    Int: 13    God:    Lugonu [*.....]
Gold:   42         SH:  0    Dex: 15    Spells: 1/1 levels left
                                        Lives:  0   Deaths: 0

rFire    . . .     SeeInvis +     - Unarmed
rCold    . . .     Gourm    .   (shield unavailable)
rNeg     . . .     Faith    .   (armour unavailable)
rPois    .         Spirit   .   (helmet unavailable)
rElec    .         Reflect  .   (cloak unavailable)
rCorr    .         Harm     .   (gloves unavailable)
MR       .....                  (boots unavailable)
Stlth    ++........             (no amulet)
HPRegen  0.04/turn              (no ring)
MPRegen  0.09/turn              (no ring)

@: quick
A: very small, no armour, no weapons or thrown items, stealth, claws 1, fangs 3,
see invisible, carnivore, speed 1, shaggy fur 1, slow metabolism 1, sharp paws
a: Depart the Abyss, Renounce Religion


You were on level 1 of the Dungeon.
You worshipped Lugonu.
Lugonu was aware of your devotion.
You were completely stuffed.

You visited 1 branch of the dungeon, and saw 1 of its levels.
You visited the Abyss 1 time.

You collected 42 gold pieces.

Inventory:

Scrolls
 b - a scroll of remove curse {unknown}
 d - a scroll of identify {unknown}
Potions
 e - a potion of brilliance {unknown}
Comestibles
 a - 4 rations
 c - 2 chunks of flesh


   Skills:
 - Level 3.0 Fighting
 - Level 3.2 Dodging
 + Level 1.6 Stealth
 * Level 2.8 Unarmed Combat
 + Level 2.2 Invocations


You had one spell level left.
You didn't know any spells.

Dungeon Overview and Level Annotations

Branches:
Dungeon (1/15)

Altars:


Innate Abilities, Weirdness & Mutations

You cannot wear armour.
You are incapable of wielding weapons or throwing items.
Your paws allow you to move quietly. (Stealth)
You have sharp claws.
You have razor-sharp teeth.
You have supernaturally acute eyesight. (SInv)
You are carnivorous and can eat meat at any time.
You cover ground quickly.
You are covered in fur. (AC +1)
You have a slow metabolism.
Your sharp claws are effective at attacking unaware monsters.


Message History

A hobgoblin is nearby!
A dart slug comes into view.
The hobgoblin shouts!
The hobgoblin hits you with a club.
You scratch the hobgoblin but do no damage.
The hobgoblin closely misses you.
You barely miss the hobgoblin. The dart slug closely misses you.
The hobgoblin closely misses you.
You barely miss the hobgoblin. The dart slug barely misses you.
The hobgoblin hits you with a club.
You barely miss the hobgoblin. You bite the hobgoblin.
The hobgoblin is severely wounded.
You scratch the hobgoblin but do no damage.
The hobgoblin is severely wounded.
The hobgoblin hits you with a club!
Ouch! That really hurt!
* * * LOW HITPOINT WARNING * * *
The dart slug launches a dart at you. The slug dart hits you!
You die...

### ..# ######.# ###
#..g@w.# ##.## ###
#.###..#####...###...
#..................#.##
#.#.#.#..#####.........
......# ##........
###.##.# #........ ...
..# ####..... ### #.#
#..... ..# #†####


You could see a dart slug and a hobgoblin.

Vanquished Creatures
  2 giant cockroaches (D:1)
  3 goblins (D:1)
  2 hobgoblins (D:1)
  8 jackals (D:1)
  A bat (D:1)
  A frilled lizard (D:1)
  2 kobolds (D:1)
  2 rats (D:1)
21 creatures vanquished.

Notes
Turn   | Place    | Note
-------+----------+-------------------------------------------
     0 | Abyss:1  | mopl the Felid Abyssal Knight began the quest for the Orb.
     0 | Abyss:1  | Reached XP level 1. HP: 10/10 MP: 3/3
    39 | Abyss:2  | Found a corrupted altar of Lugonu.
    62 | Abyss:2  | Found a corrupted altar of Lugonu.
    77 | Abyss:2  | Found a corrupted altar of Lugonu.
    99 | Abyss:2  | Noticed a tentacled starspawn
   100 | D:1      | Escaped the Abyss
   408 | D:1      | Reached * piety under Lugonu
   438 | D:1      | Reached skill level 1 in Stealth
   438 | D:1      | Reached skill level 2 in Invocations
   489 | D:1      | Reached XP level 2. HP: 5/14 MP: 4/4
  1069 | D:1      | Killed from afar by a dart slug

Skill      XL: |  1 |
---------------+----+-----
Stealth        | 1 |  1.6
Invocations    | 2 |  2.2
Fighting       | |  3.0
Dodging        | |  3.2
Unarmed Combat | |  2.8

Action                   || total
-------------------------++-------
Melee: Unarmed           ||    66
       Bite              ||     7
       Punch             ||     2
Invok: Depart the Abyss  ||     1
 Stab: Sleeping          ||     2
  Eat: Chunk             ||     8
Armor: Skin              ||     1
Dodge: Dodged            ||    44
